 Dungeon Crawl Stone Soup version 0.27-a0-1590-g15f69828bf (webtiles) character file.

Game seed: 16948092328216201415

610 Sin92 the Slasher (level 7, -1/49 (54) HPs)
             Began as a Demonspawn Fighter on July 18, 2021.
             Slain by a wight (3 damage)
             ... on level 4 of the Dungeon.
             The game lasted 00:04:03 (3665 turns).

Sin92 the Slasher (Demonspawn Fighter)              Turns: 3665, Time: 00:04:04

HP:   -1/49 (54)    AC:  9    Str: 17    XL:     7   Next: 20%
MP:   7/7           EV:  8    Int:  9    God:
Gold: 101           SH:  9    Dex: 14    Spells: 6/6 levels left

rFire    . . .     SeeInvis .   a - +0 long sword
rCold    . . .     Faith    .   c - +0 kite shield
rNeg     . . .     Spirit   .   b - +0 scale mail
rPois    .         Reflect  .   j - +0 helmet
rElec    .         Harm     .   (no cloak)
rCorr    .         Rampage  .   (no gloves)
Will     +....                  i - +0 pair of boots
Stlth    ..........             m - amulet of the acrobat
HPRegen  1.16/turn              f - ring of willpower
MPRegen  0.10/turn              (no ring)

@: mighty, drained
A: talons 2, foul stench 2, powered by death 1
a: no special abilities


You were on level 4 of the Dungeon.
You visited 1 branch of the dungeon, and saw 4 of its levels.

You collected 101 gold pieces.

Inventory:

Hand Weapons
 a - a +0 long sword (weapon)
Armour
 b - a +0 scale mail (worn)
 c - a +0 kite shield (worn)
 i - a +0 pair of boots (worn)
 j - a +0 helmet (worn)
Jewellery
 f - a ring of willpower (left hand)
 m - an amulet of the acrobat (around neck)
 r - an amulet of guardian spirit
 s - a ring of flight
Wands
 l - a wand of acid (5)
 q - a wand of polymorph (4)
Scrolls
 h - a scroll of amnesia
 k - 2 scrolls of teleportation
 o - 2 scrolls of identify
Potions
 e - a potion of magic
 g - a potion of lignification {unknown}
 n - 2 potions of attraction {unknown}
 p - a potion of brilliance {unknown}


   Skills:
 + Level 4.3 Fighting
 * Level 4.4 Long Blades
 + Level 4.0 Armour
 + Level 2.6 Dodging
 + Level 3.8 Shields


You had 6 spell levels left.
You didn't know any spells.
Your spell library was empty.

Dungeon Overview and Level Annotations

Branches:
Dungeon (4/15)
 Temple: D:4-7

Altars:
Elyvilon


Innate Abilities, Weirdness & Mutations

You have razor-sharp toenails.
You sometimes emit foul miasma when damaged in melee.
You regenerate a little health from kills.


Message History

You are too injured to fight recklessly!
You feel very mighty all of a sudden. The wight hits you but does no damage.
You block the wight's attack.
Okay, then.
You closely miss the wight.
The wight is moderately damaged.
The wight hits you but does no damage. You block the wight's attack.
You closely miss the wight.
The wight is moderately damaged.
The wight barely misses you. You block the wight's attack.
You hit the wight.
The wight is severely damaged.
The wight hits you with a +3 long sword!
* * * LOW HITPOINT WARNING * * *
The wight hits you but does no damage. You block the wight's attack.
The wight hits you from afar with a +0 spear.
* * * LOW HITPOINT WARNING * * *
You barely miss the wight.
The wight is severely damaged.
The wight hits you but does no damage. x2
Unknown command.
You slash the wight!
You destroy the wight!
The wight hits you but does no damage. x2
Your Armour skill increases to level 4!
Unknown command.
The wight completely misses you.
You riposte.
You hit the wight but do no damage.
The wight is severely damaged.
Things that are here:
a +3 long sword; a +0 robe You barely miss the wight.
The wight is severely damaged.
The wight hits you but does no damage.
You slash the wight!
You destroy the wight!
The wight hits you with a +1 vorpal long sword!
* * * LOW HITPOINT WARNING * * *
You feel drained.
You die...

#####
....#**#*###########
....##.,,......z@..#
......,**#########.#
....#*** #.# ....#
#.# ....# #)#
....########## #.#
..........(..# #.#
#########....# #.#
######.#### #.##


You could see a wight.

Vanquished Creatures
  Duvessa (D:4)
  A scorpion (D:4)
  Dowan (D:4)
  A water moccasin skeleton (D:4)
  3 wights (D:4)
  A hound (D:4)
  Natasha (thrice) (D:4)
  A killer bee zombie (D:4)
  Robin (D:4)
  4 adders
  An adder skeleton (D:4)
  A worm (D:2)
  3 dart slugs
  9 endoplasms
  3 giant cockroaches
  10 hobgoblins
  4 jackals (D:3)
  2 quokkas (D:2)
  7 ball pythons
  5 bats
  4 frilled lizards
  17 goblins
  7 kobolds
  5 rats
95 creatures vanquished.

Notes
Turn   | Place    | Note
-------+----------+-------------------------------------------
     0 | D:1      | Sin92 the Demonspawn Fighter began the quest for the Orb.
     0 | D:1      | Reached XP level 1. HP: 18/18 MP: 1/1
   184 | D:1      | Gained mutation: You may rarely emit foul miasma when
                  | damaged in melee. [demonic ancestry]
   184 | D:1      | Reached XP level 2. HP: 22/24 MP: 2/2
   240 | D:1      | Found a faded altar of an unknown god.
   852 | D:2      | Gained mutation: You have sharp toenails. [demonic
                  | ancestry]
   852 | D:2      | Reached XP level 3. HP: 29/29 MP: 3/3
  1147 | D:2      | Reached skill level 1 in Dodging
  1915 | D:3      | Gained mutation: You have razor-sharp toenails. [demonic
                  | ancestry]
  1915 | D:3      | Reached XP level 4. HP: 34/35 MP: 4/4
  2611 | D:4      | Noticed Natasha
  2634 | D:4      | Killed Natasha
  2635 | D:4      | Gained mutation: You regenerate a little health from kills.
                  | [demonic ancestry]
  2635 | D:4      | Reached XP level 5. HP: 23/41 MP: 5/5
  2687 | D:4      | Noticed Natasha
  2698 | D:4      | Killed Natasha
  2724 | D:4      | Noticed Natasha
  2729 | D:4      | Noticed Robin
  2730 | D:4      | Killed Natasha
  2764 | D:4      | Killed Robin
  3008 | D:4      | Reached XP level 6. HP: 48/48 MP: 6/6
  3306 | D:4      | Noticed Duvessa
  3306 | D:4      | Noticed Dowan
  3317 | D:4      | Killed Duvessa
  3330 | D:4      | Killed Dowan
  3331 | D:4      | Gained mutation: You sometimes emit foul miasma when
                  | damaged in melee. [demonic ancestry]
  3331 | D:4      | Reached XP level 7. HP: 17/54 MP: 7/7
  3665 | D:4      | HP: 2/51 [wight (7)]
  3665 | D:4      | Slain by a wight

Illustrated notes

Levels and vault maps discovered:
D:1:      dpeg_arrival_arbitrary_c, layout_rooms,
          chequers_ecumenical_altar_lobes, interstate_on_off
D:2:      layout_rooms, amcnicky_mini_corridor_feature, minmay_puff
D:3:      layout_basic, mainiacjoe_overflow_alcove_4
D:4:      layout_rooms, uniq_duvessa, uniq_natasha, uniq_robin

Skill      XL: |  1  2  3  4  5  6  7 |
---------------+----------------------+-----
Long Blades    | 2 3 4 |  4.4
Dodging        | 1 2 |  2.6
Armour         | 3 4 |  4.0
Shields        | 3 |  3.8
Fighting       | 4 |  4.3

Action                   |  1- 3 |  4- 6 |  7- 9 || total
-------------------------+-------+-------+-------++-------
Melee: Long sword        |   139 |   161 |    27 ||   327
  Use: Scroll            |     2 |     1 |     3 ||     6
       Potion            |       |     2 |     1 ||     3
Armor: Scale mail        |    76 |   115 |    10 ||   201
Dodge: Dodged            |    37 |    82 |    10 ||   129
Block: Kite shield       |    70 |   121 |    17 ||   208
       Rpst.: Long sword |     8 |    32 |     2 ||    42

Table legend: (Time is in decaauts)
 A = Elapsed time spent in this place.
 B = Non-inter-level travel time spent in this place.
 C = Inter-level travel time spent in this place.
 D = Time resting spent in this place.
 E = Time spent auto-exploring this place.
 F = Levels seen in this place.
 G = Mean time per level.
                   A        B        C        D        E       F      G
               +--------+--------+--------+--------+--------+-----+--------+
         Total |   3825 |   3744 |     81 |    201 |   2673 |   4 |  956.2 |
       Dungeon |   3825 |   3744 |     81 |    201 |   2673 |   4 |  956.2 |
               +--------+--------+--------+--------+--------+-----+--------+

Top non-repeatable levels by time:
     D:2: 1130 daAuts
     D:4: 1121 daAuts
     D:3: 814 daAuts
     D:1: 758 daAuts
